 Dungeon Crawl Stone Soup version 0.28-a0-241-gfbb0926a3a (webtiles) character file.

Game seed: 12859875605319072563

410 PentaManta the Cudgeller (level 6, -6/55 HPs)
             Began as a Gargoyle Berserker on Aug 24, 2021.
             Was a Believer of Trog.
             Mangled by a scorpion (8 damage)
             ... on level 3 of the Dungeon.
             The game lasted 00:04:31 (4294 turns).

PentaManta the Cudgeller (Gargoyle Berserker)       Turns: 4294, Time: 00:04:32

Health: -6/55      AC: 10    Str: 23    XL:     6   Next: 89%
Magic:  6/6        EV: 10    Int:  7    God:    Trog [**....]
Gold:   106        SH:  0    Dex:  9    Spells: 5/5 levels left

rFire   . . .      SeeInvis .   a - +0 mace
rCold   . . .      Faith    .   (no shield)
rNeg    + . .      Spirit   .   l - +0 scale mail
rPois   ∞          Reflect  .   (no helmet)
rElec   +          Harm     .   (no cloak)
rCorr   .          Rampage  .   (no gloves)
Will    .....                   (no boots)
Stlth   ..........              (no amulet)
HPRegen 0.18/turn               (no ring)
MPRegen 0.10/turn               (no ring)

@: berserking, very quick
A: sickness immunity, AC +4, negative energy resistance 1, electricity
resistance, torment resistance 1, petrification resistance
a: Renounce Religion, Berserk, Trog's Hand


You were on level 3 of the Dungeon.
You worshipped Trog.
Trog was pleased with you.
You visited 1 branch of the dungeon, and saw 4 of its levels.

You collected 106 gold pieces.

Inventory:

Hand Weapons
 a - a +0 mace (weapon)
 p - a +0 whip
Missiles
 h - 26 poisoned darts
 o - 2 throwing nets
 r - 6 boomerangs (quivered)
Armour
 b - a +0 animal skin
 k - a +0 ring mail
 l - a +0 scale mail (worn)
 q - a +0 chain mail
Jewellery
 t - a ring of magical power
Scrolls
 c - 5 scrolls of identify {unknown}
 d - a scroll of fog {unknown}
 e - 4 scrolls of blinking {unknown}
 i - 2 scrolls of noise {unknown}
 m - a scroll of acquirement {unknown}
 n - a scroll of teleportation {unknown}
Potions
 f - a potion of haste {unknown}
 g - 2 potions of might {unknown}
 j - a potion of curing {unknown}
 s - a potion of ambrosia {unknown}


   Skills:
 - Level 3.2 Fighting
 + Level 7.5 Maces & Flails
 - Level 2.1 Armour
 - Level 1.5 Dodging


You had 5 spell levels left.
You didn't know any spells.
Your spell library was empty.

Dungeon Overview and Level Annotations

Branches:
Dungeon (4/15)
 Temple: D:4-7

Altars:
Qazlal
The Shining One

Shops:
D:1 =   D:2 [


Innate Abilities, Weirdness & Mutations

You are immune to sickness and miasma.
Your stone body is resilient. (AC +4)
You are immune to poison.
You resist negative energy. (rN+)
You are resistant to electric shocks. (rElec)
You are resistant to unholy torment.
You are immune to petrification.


Message History

You sock the hound!
The hound is almost dead.
The hound bites you but does no damage. The hound bites you.
You closely miss the hound.
The hound is almost dead.
The hound bites you but does no damage.
You hit the hound.
You kill the hound!
Trog accepts your kill.
You hit the scorpion but do no damage. The scorpion stings you.
You hit the scorpion.
The scorpion is moderately wounded.
You recover from your berserk rage.
The scorpion stings you.
* * * LOW HITPOINT WARNING * * *
You barely miss the scorpion.
The scorpion is moderately wounded.
The scorpion stings you.
* * * LOW HITPOINT WARNING * * *
You closely miss the scorpion.
The scorpion is moderately wounded.
The scorpion stings you but does no damage.
The scorpion barely misses you.
You hit the scorpion but do no damage.
The scorpion is moderately wounded.
The scorpion stings you.
* * * LOW HITPOINT WARNING * * *
The scorpion stings you.
* * * LOW HITPOINT WARNING * * *
A red film seems to cover your vision as you go berserk!
You feel yourself moving faster!
You feel mighty! The scorpion misses you.
You closely miss the scorpion.
The scorpion is moderately wounded.
The scorpion misses you.
You hit the scorpion.
The scorpion is heavily wounded.
You hit the scorpion.
The scorpion is severely wounded.
The scorpion stings you!
You die...

# #.#####...#####.##
# #.# ##........# #
#.# #..P._.P.# # ###
#.# #........# #
#.###.### ######.#.#
######### #.......#
#...# #.......#
#.###.#.# ###.#
#.......####.# #s#.#
#.#
#.......##...###@#.#
#.##
#.............##.#.#
#..#
..........>...##.#.#
#.##
#.............##.#.#
#.#
#.......##.#####.#.#
#.# ........##.#
#.#.# #.#
...[....##.# #.#.#
#.# ........##.#
#.#.# #.#
........##.#
#.#.###########.##


You could see a scorpion.

Vanquished Creatures
  Sigmund (D:2)
  A scorpion (D:4)
  A hound (D:3)
  Natasha (thrice) (D:2)
  3 adders (D:3)
  An ufetubus (D:3)
  A worm (D:2)
  2 dart slugs
  5 orcs (D:3)
  7 bats
  6 endoplasms
  A giant cockroach (D:1)
  2 goblins
  6 hobgoblins
  4 kobolds
  2 quokkas (D:1)
  7 ball pythons
  4 frilled lizards
  6 rats
63 creatures vanquished.

Vanquished Creatures (others)
  A plant (D:4)
1 creature vanquished.

Grand Total: 64 creatures vanquished

Notes
Turn   | Place    | Note
-------+----------+-------------------------------------------
     0 | D:1      | PentaManta the Gargoyle Berserker began the quest for the
                  | Orb.
     0 | D:1      | Reached XP level 1. HP: 14/14 MP: 1/1
   242 | D:1      | Reached XP level 2. HP: 19/19 MP: 2/2
   601 | D:1      | Reached skill level 4 in Maces & Flails
   742 | D:1      | Reached ** piety under Trog
   749 | D:1      | Reached XP level 3. HP: 13/23 MP: 3/3
   754 | D:1      | Found Muoppa's Jewellery Boutique.
  1516 | D:2      | Noticed Sigmund
  1525 | D:2      | Killed Sigmund
  1526 | D:2      | Reached skill level 6 in Maces & Flails
  1526 | D:2      | Reached XP level 4. HP: 14/28 MP: 4/4
  1526 | D:2      | Reached XP level 5. HP: 16/32 MP: 5/5
  1793 | D:2      | Found Catolyxe's Antique Armour Shop.
  1917 | D:2      | Noticed Natasha
  1935 | D:2      | Killed Natasha
  2488 | D:2      | Noticed Natasha
  2498 | D:2      | Killed Natasha
  2499 | D:2      | Reached XP level 6. HP: 22/37 MP: 6/6
  2672 | D:2      | Found Catolyxe's Antique Armour Shop.
  3182 | D:2      | Noticed Natasha
  3189 | D:2      | Killed Natasha
  3776 | D:3      | Found a stormy altar of Qazlal.
  3808 | D:3      | Reached skill level 7 in Maces & Flails
  3901 | D:3      | Found a faded altar of an unknown god.
  4086 | D:3      | Found a glowing golden altar of the Shining One.
  4290 | D:3      | HP: 1/37 [scorpion (5)]
  4294 | D:3      | Mangled by a scorpion

Illustrated notes

Levels and vault maps discovered:
D:1:      minmay_arrival_four_circles, layout_basic, serial_shops,
          nicolae_diamond_shop, st_stairs_4
D:2:      layout_basic, serial_shops, shop_fountains, uniq_natasha, uniq_sigmund
D:3:      layout_basic, mainiacjoe_overflow_tiny_flanked,
          nicolae_qazlal_general_emergency, chequers_ecumenical_altar_island
D:4:      layout_basic, serial_forest, infiniplex_forest_lined_3,
          infiniplex_forest_clump_curved, infiniplex_forest_pool,
          infiniplex_forest_lined_2, infiniplex_forest_clump_long,
          infiniplex_forest_straight_2, infiniplex_forest_straight_5

Skill      XL: |  1  2  3  4  5  6 |
---------------+-------------------+-----
Maces & Flails | 4 6 7 |  7.5
Fighting       | |  3.2
Armour         | |  2.1
Dodging        | |  1.5

Action                   |  1- 3 |  4- 6 || total
-------------------------+-------+-------++-------
Melee: Mace              |    89 |   130 ||   219
Invok: Berserk           |     3 |     3 ||     6
       Trog's Hand       |       |     1 ||     1
 Stab: Sleeping          |     1 |       ||     1
Armor: Animal skin       |    32 |       ||    32
       Scale mail        |     3 |    59 ||    62
       Ring mail         |     3 |       ||     3
Dodge: Dodged            |    51 |    86 ||   137

Table legend: (Time is in decaauts)
 A = Elapsed time spent in this place.
 B = Non-inter-level travel time spent in this place.
 C = Inter-level travel time spent in this place.
 D = Time resting spent in this place.
 E = Time spent auto-exploring this place.
 F = Levels seen in this place.
 G = Mean time per level.
                   A        B        C        D        E       F      G
               +--------+--------+--------+--------+--------+-----+--------+
         Total |   4368 |   4228 |    140 |    194 |   3447 |   4 | 1092.0 |
       Dungeon |   4368 |   4228 |    140 |    194 |   3447 |   4 | 1092.0 |
               +--------+--------+--------+--------+--------+-----+--------+

Top non-repeatable levels by time:
     D:2: 2212 daAuts
     D:1: 1207 daAuts
     D:3: 914 daAuts
     D:4: 34 daAuts
